 Dungeon Crawl Stone Soup version 0.20-a0-463-g5747544 (webtiles) character file.

4 Amnesiac the Vexing (level 1, -3/13 HPs)
             Began as a Mummy Enchanter on Jan 10, 2017.
             Slain by a bullfrog skeleton (5 damage)
             ... on level 3 of the Dungeon.
             The game lasted 00:00:54 (313 turns).

Amnesiac the Vexing (Mummy Enchanter)                Turns: 313, Time: 00:00:54

Health: -3/13      AC:  2    Str: 11    XL:     1   Next: 58%
Magic:  4/4        EV: 12    Int: 14    God:
Gold:   4          SH:  0    Dex: 12    Spells: 4/5 levels left

rFire  x . .     SeeInvis .     a - +1 dagger
rCold  + . .     Gourm    .     b - +0 robe
rNeg   + + +     Faith    .     (no shield)
rPois  ∞         Spirit   .     (no helmet)
rElec  .         Reflect  .     (no cloak)
rCorr  .         Harm     .     (no gloves)
MR     .....                    (no boots)
Stlth  ++........               (no amulet)
                                (no ring)
                                (no ring)

@: no status effects
A: no food or potions, fire vulnerability, cold resistance 1, negative energy
resistance 3, torment resistance, unbreathing
a: no special abilities


You were on level 3 of the Dungeon.
You were not hungry.

You visited 1 branch of the dungeon, and saw 3 of its levels.

You collected 4 gold pieces.

Inventory:

Hand Weapons
 a - a +1 dagger (weapon)
 e - a +0 great sword
Armour
 b - a +0 robe (worn)
Scrolls
 d - a scroll of identify {unknown}
Books
 c - a book of Maledictions

   Spells                             Type                      Level
   a - Corona                         Hexes                        1
   b - Ensorcelled Hibernation        Hexes/Ice                    2
   c - Confuse                        Hexes                        3
   d - Tukima's Dance                 Hexes                        3
   e - Dazzling Spray                 Conjuration/Hexes            3


   Skills:
 - Level 0.7 Short Blades
 - Level 1.5 Dodging
 - Level 2.4 Stealth
 + Level 2.7 Spellcasting
 - Level 3.0 Hexes


You had 4 spell levels left.
You knew the following spells:

 Your Spells              Type           Power        Failure   Level  Hunger
f - Corona                Hex            ##.....      10%         1    N/A

Dungeon Overview and Level Annotations

Branches:
Dungeon (3/15)

Altars:


Innate Abilities, Weirdness & Mutations

You do not eat or drink.
Your flesh is vulnerable to fire.
You are immune to poison.
Your flesh is cold resistant. (rC+)
You are immune to negative energy. (rN+++)
You are immune to unholy pain and torment.
You can survive without breathing.


Message History

You climb downwards.
There is a stone staircase leading up here.
Found 3 gold pieces.
A bat comes into view.
The bullfrog skeleton barely misses you.
The bat closely misses you.
A bat and a giant cockroach come into view.
The bat misses you. The bullfrog skeleton hits you.
Found 27 sling bullets and a scroll labeled ENKUIH LUDOPN.
You see here a great sword.
e - a great sword The bat hits you. x2; The bat hits you but does no damage.
The bullfrog skeleton hits you. The bat hits you.
* * * LOW HITPOINT WARNING * * *
The bat misses you. The bat hits you but does no damage. The bat hits you.
* * * LOW HITPOINT WARNING * * *
The bat hits you but does no damage. x2; The bullfrog skeleton hits you.
You die...

...............#
#.#....#......#
#.#...........
#.......#...
#..#.#..#.#.#..(
#............#
#<.##.#b#.#.....
#..##Z#b#s.. ..#
#.....@.####.# #
####....# ..
#.#.#... .?
#.#...### .
#.##..# .## #.


You could see 2 bats and a bullfrog skeleton.

Vanquished Creatures
  A dart slug (D:2)
  A ball python (D:1)
  2 rats
4 creatures vanquished.

Notes
Turn   | Place    | Note
-------+----------+-------------------------------------------
     0 | D:1      | Amnesiac the Mummy Enchanter began the quest for the Orb.
     0 | D:1      | Reached XP level 1. HP: 13/13 MP: 4/4
    85 | D:2      | Reached skill level 3 in Hexes
   313 | D:3      | Slain by a bullfrog skeleton

Vault maps used:
D:1:      dpeg_arrival_ternary, serial_forest, infiniplex_forest_clump_small,
          infiniplex_forest_lined_2, infiniplex_forest_clump_medium,
          infiniplex_forest_clump_double, infiniplex_forest_clump_small,
          infiniplex_forest_corner_1, infiniplex_forest_lined_3,
          infiniplex_forest_clump_cross, minmay_hedge_maze
D:2:      ashenzari_altar_1, nicolae_ru_path_of_blood
D:3:      nrook_mini_vaults, corexii_item_surrounded_by_moat, uniq_sigmund

Skill      XL: |  1 |
---------------+----+-----
Hexes          | 3 |  3.0
Short Blades   | |  0.7
Dodging        | |  1.5
Stealth        | |  2.4
Spellcasting   | |  2.7

Action                   || total
-------------------------++-------
Melee: Dagger            ||    16
 Cast: Corona            ||     5
Armor: Robe              ||     7
Dodge: Dodged            ||    14
